 Dungeon Crawl Stone Soup version 0.30.1-4-g462c640d31 (webtiles) character file.

Game seed: 10086389284525533079

2148 Wiggles the Cleaver (level 9, -4/79 HPs)
             Began as a Minotaur Berserker on Sept 8, 2023.
             Was an Elder of Trog.
             Killed from afar by a white imp (6 damage)
             ... with a puff of frost
             ... on level 7 of the Dungeon.
             The game lasted 00:09:55 (5594 turns).

Wiggles the Cleaver (Minotaur Berserker)            Turns: 5594, Time: 00:09:56

Health: -4/79      AC: 13    Str: 25    XL:     9   Next: 9%
Magic:  8/8        EV: 10    Int:  4    God:    Trog [****..]
Gold:   367        SH:  0    Dex: 11    Spells: 8/8 levels left

rFire   . . .        h - +0 executioner's axe (heavy)
rCold   . . .        (shield currently unavailable)
rNeg    + . .        v - +0 chain mail
rPois   .            (helmet restricted)
rElec   .            p - +0 cloak
rCorr   .            (no gloves)
SInv    .            y - +0 pair of boots
Will    .....        (no amulet) Stlth
                     r - ring of positive energy
HPRegen 0.33/turn    (no ring)
MPRegen 0.11/turn

%: no passive effects
@: no status effects
A: horns 2, retaliatory headbutt
a: Renounce Religion, Berserk, Trog's Hand, Brothers in Arms


You were on level 7 of the Dungeon.
You worshipped Trog.
Trog was greatly pleased with you.
You visited 1 branch of the dungeon, and saw 7 of its levels.

You collected 367 gold pieces.

Inventory:

Hand Weapons
 h - a +0 heavy executioner's axe (weapon)
 H - a +1 battleaxe
Missiles
 z - 3 throwing nets (quivered)
Armour
 p - a +0 cloak (worn)
 v - a +0 chain mail (worn)
 y - a +0 pair of boots (worn)
Jewellery
 a - a ring of magical power
 b - a ring of fire
 k - an amulet of magic regeneration
 r - a ring of positive energy (left hand)
 A - a ring of protection from fire
Wands
 q - a wand of mindburst (8)
 E - a wand of paralysis (21)
Scrolls
 d - 3 scrolls of immolation
 i - a scroll of identify
 x - a scroll of teleportation
Potions
 c - a potion of cancellation
 f - a potion of curing
 g - a potion of might
 j - 2 potions of haste
 n - 2 potions of invisibility
 s - 3 potions of mutation
 C - a potion of resistance {unknown}
 D - a potion of attraction {unknown}
 F - 2 potions of degeneration


   Skills:
 + Level 7.4 Fighting
 + Level 10.5 Axes
 + Level 7.3 Armour
 + Level 4.1 Dodging
 + Level 1.3 Stealth


You had 8 spell levels left.
You didn't know any spells.
Your spell library was empty.

Dungeon Overview and Level Annotations

Branches:
Dungeon (7/15)             Temple (0/1) D:4

Altars:
Cheibriados
Elyvilon
Gozag
Zin
The Shining One

Shops:
D:3 *   D:5 :*


Innate Abilities, Weirdness & Mutations

You have a pair of horns on your head.
You reflexively headbutt those who attack you in melee.


Message History

You closely miss the killer bee. Your headbutt misses the killer bee.
The killer bee is heavily wounded.
You feel sick. The killer bee misses you. The killer bee barely misses you.
The killer bee stings you.
* * * LOW HITPOINT WARNING * * *
The killer bee barely misses you.
You miss the killer bee. You headbutt the killer bee!
You kill the killer bee!
Trog accepts your kill.
You feel sick.
You are no longer poisoned.
The killer bee stings you but does no damage. x2
The killer bee barely misses you.
You miss the killer bee.
The killer bee stings you but does no damage.
The killer bee barely misses you. The killer bee closely misses you.
The killer bee stings you but does no damage.
You closely miss the killer bee.
The killer bee stings you but does no damage.
The killer bee stings you.
* * * LOW HITPOINT WARNING * * *
The killer bee stings you but does no damage. x2
You miss the killer bee. The killer bee barely misses you. x2
The killer bee closely misses you. You furiously retaliate!
You headbutt the killer bee!
The white imp shouts, "Get thee hence, thou baffled beetle-headed rump-roast!"
The killer bee stings you but does no damage.
You miss the killer bee.
The killer bee is heavily wounded.
The killer bee stings you.
* * * LOW HITPOINT WARNING * * *
The killer bee stings you.
* * * LOW HITPOINT WARNING * * *
The killer bee stings you but does no damage. x2
You slice the killer bee!!
You kill the killer bee!
Trog accepts your kill. The white imp gestures at you.
The puff of frost hits you.
You die...

####### #.....# ####
#.###.# #... #.# #.#
#... #.###.#######
#...
#.......#...#######...
#####@#.#.#......####.
#5#.#.#......'..'.
#†#..........####.
....=...#.##.......#
#.
........#..........#
#.
........#..........#
#.
......>............#
##
##.###..#......##...
#.. .....####.##....


You could see a white imp.

Vanquished Creatures
  Eustachio (D:5)
  2 steam dragons (D:6)
  Edmund (D:6)
  An ice beast (D:6)
  3 ogres
  Blork the orc (D:6)
  A gnoll sergeant (D:5)
  A bullfrog (D:7)
  2 scorpions
  6 killer bees (D:7)
  A howler monkey (D:4)
  2 jellies
  Crazy Yiuf (D:4)
  An orc priest (D:5)
  4 hounds
  A sleepcap (D:6)
  3 iguanas
  Natasha (thrice) (D:2)
  An orc wizard (D:6)
  5 gnolls (D:5)
  13 adders
  An ufetubus (D:5)
  A worm (D:2)
  2 dart slugs
  16 orcs
  7 ball pythons
  5 bats
  5 endoplasms
  7 giant cockroaches
  3 goblins
  6 hobgoblins
  3 jackals (D:2)
  9 quokkas
  3 frilled lizards (D:2)
  8 kobolds
  4 rats
134 creatures vanquished.

Notes
Turn   | Place    | Note
-------+----------+-------------------------------------------
     0 | D:1      | Wiggles the Minotaur Berserker began the quest for the Orb.
     0 | D:1      | Reached XP level 1. HP: 19/19 MP: 0/0
   204 | D:1      | Reached XP level 2. HP: 27/27 MP: 1/1
   308 | D:1      | Reached skill level 4 in Axes
   641 | D:2      | Noticed Natasha
   648 | D:2      | Killed Natasha
   649 | D:2      | Reached XP level 3. HP: 23/34 MP: 2/2
   758 | D:2      | Identified the +8 long sword of Zin's Fury {antimagic,
                  | *Noise Fly rCorr Str+4}
   765 | D:2      | Reached ** piety under Trog
   825 | D:2      | Reached XP level 4. HP: 41/41 MP: 3/3
  1435 | D:2      | Noticed Natasha
  1439 | D:2      | Killed Natasha
  1440 | D:2      | Reached skill level 5 in Axes
  1484 | D:2      | Noticed Natasha
  1490 | D:2      | Killed Natasha
  1491 | D:2      | Reached skill level 5 in Fighting
  1491 | D:2      | Reached XP level 5. HP: 48/48 MP: 4/4
  1626 | D:3      | Found a glowing silver altar of Zin.
  1658 | D:3      | Found a glowing golden altar of the Shining One.
  1658 | D:3      | Found a white marble altar of Elyvilon.
  1714 | D:3      | You fall into a shaft and drop 1 floor!
  1784 | D:4      | Found a runed translucent door.
  1785 | D:4      | Noticed Crazy Yiuf
  1791 | D:4      | Killed Crazy Yiuf
  1964 | D:3      | Reached *** piety under Trog
  2076 | D:3      | Found an opulent altar of Gozag.
  2082 | D:3      | Found Gozag's Platinum Reserve.
  2280 | D:3      | Identified the +9 glaive of Ipsogivi {spect, rC+}
  2602 | D:4      | Reached XP level 6. HP: 56/56 MP: 5/5
  2646 | D:4      | Reached skill level 6 in Axes
  2689 | D:4      | Found a staircase to the Ecumenical Temple.
  2868 | D:4      | Reached XP level 7. HP: 61/61 MP: 6/6
  2976 | D:4      | Reached skill level 7 in Axes
  3293 | D:5      | Entered Level 5 of the Dungeon
  3295 | D:5      | Found a snail-covered altar of Cheibriados.
  3367 | D:5      | Reached skill level 5 in Armour
  3369 | D:5      | Reached **** piety under Trog
  3377 | D:5      | Reached skill level 8 in Axes
  3458 | D:5      | Identified the staff of conjuration "Juzxuim" {*Slow rN+
                  | Str-4 Int+9 SInv}
  3459 | D:5      | Found Yhetaemesesm's Tiny Tomes.
  3504 | D:5      | Reached skill level 1 in Stealth
  3556 | D:5      | Identified the +1 leather armour of Laeblum {Int+6}
  3587 | D:5      | Reached XP level 8. HP: 70/70 MP: 7/7
  3652 | D:5      | Noticed Eustachio
  3676 | D:5      | Killed Eustachio
  3808 | D:5      | Found Eryiz's Assorted Antiques.
  4054 | D:6      | Reached skill level 9 in Axes
  4172 | D:6      | Noticed Edmund
  4188 | D:6      | Killed Edmund
  4655 | D:6      | Noticed Blork the orc
  4669 | D:6      | Killed Blork the orc
  4781 | D:6      | Reached skill level 10 in Axes
  5343 | D:6      | Identified a scroll of acquirement
  5343 | D:6      | Acquired a +0 heavy executioner's axe
  5570 | D:7      | Reached XP level 9. HP: 28/79 MP: 8/8
  5576 | D:7      | HP: 1/79 [killer bee (4)]
  5593 | D:7      | HP: 2/79 [killer bee (3)]
  5594 | D:7      | Killed from afar by a white imp

Illustrated notes

Levels and vault maps discovered:
D:1:      minmay_arrival_four_circles, layout_basic,
          chequers_serial_rivers_micro_a, minivault_4
D:2:      layout_loops_ring, minmay_misc_feat_doors, lexackson_kobold_supper,
          uniq_natasha
D:3:      layout_loops_ring, dreamdust_divine_triumvirate,
          nicolae_gozag_zags_fifth_avenue, kennysheep_nondescript,
          minmay_misc_feat_chi, saegor_snake_ambush
D:4:      layout_basic, temple_pool_b, uniq_crazy_yiuf_cottage
D:5:      layout_cave_pools, cheibriados_altar_1, serial_shops,
          nicolae_shop_overgrown_old_shop, supply_closet_lemuel,
          nicolae_shop_i_like_small_books_too, serial_park_tiny_pond,
          uniq_eustachio
D:6:      layout_basic, uniq_blork_the_orc, uniq_edmund
D:7:      layout_basic, mainiacjoe_overflow_concentric_impassable

Skill      XL: |  1  2  3  4  5  6  7  8 |
---------------+-------------------------+-----
Axes           | 4 5 6 8 10 | 10.5
Fighting       | 4 5 6 7 |  7.4
Armour         | 3 4 5 7 |  7.3
Dodging        | 3 4 |  4.1
Stealth        | 1 |  1.3

Action                     |  1- 3 |  4- 6 |  7- 9 || total
---------------------------+-------+-------+-------++-------
  Melee: Hand axe          |    47 |    99 |       ||   146
         Headbutt          |     8 |    27 |    23 ||    58
         War axe           |       |    35 |   113 ||   148
         Punch             |       |       |     1 ||     1
         Battleaxe         |       |       |    22 ||    22
         Executioner's axe |       |       |    31 ||    31
 Invoke: Berserk           |       |     1 |     3 ||     4
    Use: Scroll            |       |       |    18 ||    18
         Potion            |       |       |     4 ||     4
 Armour: Animal skin       |     2 |       |       ||     2
         Ring mail         |    11 |    22 |       ||    33
         Scale mail        |       |    14 |       ||    14
         Chain mail        |       |    13 |   124 ||   137
  Dodge: Dodged            |    32 |    76 |   120 ||   228
